 Dungeon Crawl Stone Soup version 0.29-a0-82-g837932c (webtiles) character file.

Game seed: 3190420254439379430

345 Illumine the Chopper (level 6, -5/51 HPs)
             Began as a Hill Orc Gladiator on Feb 4, 2022.
             Killed from afar by a steam dragon (13 damage)
             ... with a ball of steam
             ... on level 4 of the Dungeon.
             The game lasted 00:05:55 (3958 turns).

Illumine the Chopper (Hill Orc Gladiator)           Turns: 3958, Time: 00:05:56

Health: -5/51      AC: 15    Str: 19    XL:     6   Next: 58%
Magic:  6/6        EV:  4    Int:  8    God:
Gold:   149        SH:  9    Dex: 12    Spells: 5/5 levels left

rFire   . . .      SeeInvis .   a - +0 war axe
rCold   . . .      Faith    .   j - +1 kite shield
rNeg    . . .      Spirit   .   y - +0 plate armour
rPois   .          Reflect  .   c - +0 helmet
rElec   .          Harm     .   (no cloak)
rCorr   .          Rampage  .   (no gloves)
Will    .....                   (no boots)
Stlth   ..........              (no amulet)
HPRegen 0.17/turn               n - +4 ring of protection
MPRegen 0.10/turn               (no ring)

@: no status effects
A: no striking features
a: no special abilities


You were on level 4 of the Dungeon.
You visited 1 branch of the dungeon, and saw 5 of its levels.

You collected 149 gold pieces.

Inventory:

Hand Weapons
 a - a +0 war axe (weapon)
Missiles
 d - 3 throwing nets
 g - 8 boomerangs (quivered)
 h - 184 stones
 w - 8 poisoned darts
Armour
 c - a +0 helmet (worn)
 j - a +1 kite shield (worn)
 y - a +0 plate armour (worn)
Jewellery
 n - a +4 ring of protection (left hand)
 p - a ring of protection from cold
Wands
 t - a wand of iceblast (8)
Scrolls
 b - a scroll of blinking {unknown}
 k - a scroll of summoning {unknown}
 l - a scroll of amnesia {unknown}
 m - a scroll of vulnerability {unknown}
 q - a scroll of fear {unknown}
 r - 2 scrolls of enchant weapon {unknown}
 v - 2 scrolls of enchant armour
 x - a scroll of teleportation {unknown}
Potions
 e - a potion of might {unknown}
 f - a potion of heal wounds
 i - a potion of invisibility {unknown}
 o - a potion of mutation
 s - a potion of lignification {unknown}


   Skills:
 + Level 3.2 Fighting
 + Level 7.2 Axes
 - Level 2.0 Throwing
 + Level 1.6 Armour
 - Level 2.4 Dodging
 + Level 2.8 Shields
 + Level 1.9 Evocations


You had 5 spell levels left.
You didn't know any spells.
Your spell library contained the following spells:

 Spells                   Type           Power      Damage    Failure   Level
 Animate Skeleton         Necr           0%         N/A       100%        1
 Apportation              Tloc           0%         N/A       100%        1
 Beastly Appendage        Tmut           0%         N/A       100%        1
 Sting                    Tmut/Pois      0%         1d3       100%        1
 Summon Small Mammal      Summ           0%         N/A       100%        1
 Poisonous Vapours        Pois/Air       0%         N/A       100%        2
 Wereblood                Tmut           0%         N/A       100%        2
 Spider Form              Tmut/Pois      0%         N/A       100%        3
 Tukima's Dance           Hex            0%         N/A       100%        3
 Olgreb's Toxic Radiance  Pois           0%         N/A       100%        4
 Passage of Golubria      Tloc           0%         N/A       100%        4
 Yara's Violent Unravell  Hex/Tmut       0%         3d3       100%        5


Dungeon Overview and Level Annotations

Branches:
Dungeon (5/15)
 Temple: D:4-7

Altars:
Trog

Shops:
D:1 *


Message History

You are engulfed in a cloud of scalding steam.
The steam dragon breathes steam at you.
The ball of steam hits you but does no damage.
You hear an angry hiss.
You are engulfed in a cloud of scalding steam.
You block the steam dragon's attack. x2
You climb upwards.
There is a stone staircase leading down here.
Things that are here:
2 potions of degeneration; 2 scrolls of noise You barely miss the steam dragon.
The steam dragon is moderately wounded.
You block the steam dragon's attack.
The steam dragon claws you but does no damage.
You hit the steam dragon.
The steam dragon is heavily wounded.
The steam dragon bites you.
The steam dragon claws you but does no damage.
You hit the steam dragon but do no damage.
The steam dragon is heavily wounded.
You block the steam dragon's attack. x2
The steam dragon bites you but does no damage.
The steam dragon barely misses you.
You closely miss the steam dragon.
The steam dragon is heavily wounded.
The steam dragon bites you but does no damage.
The steam dragon claws you but does no damage.
You slash the steam dragon!
The steam dragon is almost dead.
The steam dragon breathes steam at you. The ball of steam hits you!
* * * LOW HITPOINT WARNING * * *
You barely miss the steam dragon.
The steam dragon is almost dead.
You are engulfed in a cloud of scalding steam.
You block the steam dragon's attack. The steam dragon claws you.
* * * LOW HITPOINT WARNING * * *
The steam dragon breathes steam at you. The ball of steam hits you!
You die...

### #.## ##..## #....##
##....### #......###
###>.§§....#
###.D@§§.....# ###
####...>..§§...##
..#######............###
.....#..............##
...................##
#..................#
##.................#
#.................##
#....##........#...#


You could see a steam dragon (catching breath).

Vanquished Creatures
  An ogre (D:4)
  A scorpion (D:5)
  An iguana (D:5)
  A hound skeleton (D:4)
  4 gnolls
  7 adders
  A shadow imp (D:5)
  2 dart slugs
  3 endoplasms
  7 giant cockroaches
  3 hobgoblins
  4 jackals
  3 quokkas
  6 ball pythons
  2 bats
  2 frilled lizards
  2 goblins (D:1)
  11 kobolds
  3 rats
64 creatures vanquished.

Notes
Turn   | Place    | Note
-------+----------+-------------------------------------------
     0 | D:1      | Illumine the Hill Orc Gladiator began the quest for the
                  | Orb.
     0 | D:1      | Reached XP level 1. HP: 18/18 MP: 1/1
   451 | D:1      | Found Joasch's General Store.
   630 | D:1      | Reached XP level 2. HP: 25/25 MP: 2/2
   665 | D:1      | Reached skill level 5 in Axes
  1091 | D:2      | Found a bloodstained altar of Trog.
  1108 | D:2      | Reached XP level 3. HP: 29/30 MP: 3/3
  1365 | D:2      | Reached skill level 1 in Shields
  1564 | D:2      | Reached XP level 4. HP: 31/37 MP: 4/4
  1566 | D:2      | Reached skill level 6 in Axes
  2502 | D:4      | Reached skill level 1 in Evocations
  2502 | D:4      | Reached XP level 5. HP: 40/42 MP: 5/5
  2987 | D:4      | Noticed an ogre
  3007 | D:4      | Killed an ogre
  3008 | D:4      | Reached skill level 7 in Axes
  3246 | D:5      | Entered Level 5 of the Dungeon
  3270 | D:5      | Noticed a steam dragon
  3333 | D:5      | Noticed a steam dragon
  3422 | D:4      | Reached XP level 6. HP: 36/50 MP: 6/6
  3514 | D:5      | Reached skill level 1 in Armour
  3958 | D:4      | Killed from afar by a steam dragon

Illustrated notes

Levels and vault maps discovered:
D:1:      lightli_arrival_statue_moat, layout_loops_ring, serial_shops, shop
D:2:      layout_rooms, basic_altar, chequers_mini_garden
D:3:      layout_loops_ring, minmay_shallow_snake_nest
D:4:      layout_layer_cave, lemuel_old_faithful
D:5:      layout_loops_ring, minitemple, chequers_hall_statues_corner_a

Skill      XL: |  1  2  3  4  5  6 |
---------------+-------------------+-----
Axes           | 5 6 7 |  7.2
Throwing       | 2 |  2.0
Shields        | 1 2 |  2.8
Evocations     | 1 |  1.9
Armour         | 1 |  1.6
Fighting       | 3 |  3.2
Dodging        | |  2.4

Action                   |  1- 3 |  4- 6 || total
-------------------------+-------+-------++-------
Melee: War axe           |    85 |   108 ||   193
Throw: Boomerang         |    11 |     8 ||    19
       Stone             |     2 |       ||     2
       Dart              |       |     4 ||     4
  Use: Scroll            |       |     5 ||     5
Armor: Leather armour    |    12 |       ||    12
       Scale mail        |    11 |    33 ||    44
       Plate armour      |       |    32 ||    32
Dodge: Dodged            |    53 |    29 ||    82
Block: Kite shield       |    16 |    54 ||    70

Table legend: (Time is in decaauts)
 A = Elapsed time spent in this place.
 B = Non-inter-level travel time spent in this place.
 C = Inter-level travel time spent in this place.
 D = Time resting spent in this place.
 E = Time spent auto-exploring this place.
 F = Levels seen in this place.
 G = Mean time per level.
                   A        B        C        D        E       F      G
               +--------+--------+--------+--------+--------+-----+--------+
         Total |   4037 |   3835 |    202 |    590 |   2459 |   5 |  807.4 |
       Dungeon |   4037 |   3835 |    202 |    590 |   2459 |   5 |  807.4 |
               +--------+--------+--------+--------+--------+-----+--------+

Top non-repeatable levels by time:
     D:4: 1142 daAuts
     D:1: 1074 daAuts
     D:3: 833 daAuts
     D:2: 561 daAuts
     D:5: 425 daAuts
